 Dungeon Crawl Stone Soup version 0.27-a0-1116-g91b3acb402 (webtiles) character file.

Game seed: 7597679520855219016

10951 wakim the Covert (level 11, 0/56 HPs)
             Began as a Vine Stalker Fighter on May 1, 2021.
             Was an Elder of Uskayaw.
             Slain by an Executioner (2 damage)
             ... on level 3 of the Abyss.
             The game lasted 00:55:08 (12325 turns).

wakim the Covert (Vine Stalker Fighter)            Turns: 12325, Time: 00:55:09

Health: 0/56       AC:  8    Str: 17    XL:     11   Next: 70%
Magic:  0/16       EV: 32    Int:  8    God:    Uskayaw [****..]
Gold:   143        SH: 11    Dex: 17    Spells: 10/10 levels left

rFire    . . .     SeeInvis +   a - +2 rapier (elec)
rCold    . . .     Faith    .   c - +1 kite shield
rNeg     + + .     Spirit   +   n - +0 steam dragon scales
rPois    +         Reflect  .   q - +0 helmet
rElec    .         Harm     .   d - scarf {repulsion}
rCorr    .         Rampage  .   t - +0 pair of gloves
Will     +....                  (no boots)
Stlth    +++++.....             i - amulet of the Louse {Acrobat rPois rN++ Str-2}
HPRegen  1.18/turn              l - ring of see invisible
MPRegen  0.15/turn              k - +4 ring of evasion

@: about to teleport, acrobatic, repel missiles
A: fangs 3, regeneration 1, magic shield, antimagic bite, no potion heal 2
a: Renounce Religion, Stomp, Line Pass


You were on level 3 of the Abyss.
You worshipped Uskayaw.
Uskayaw was noncommittal.
You visited 2 branches of the dungeon, and saw 11 of its levels.
You visited the Abyss 1 time.

You collected 521 gold pieces.
You spent 378 gold pieces at shops.

Inventory:

Hand Weapons
 a - a +2 rapier of electrocution (weapon)
 b - the +3 dagger "Killer Klown's Death" {vorpal, rF++ Str-4}
   (You bought it in a shop on level 8 of the Dungeon)

   It inflicts extra damage upon your enemies.
   It affects your strength (-4).
   It greatly protects you from fire.
Missiles
 p - 6 curare-tipped darts (quivered) {=f}
Armour
 c - a +1 kite shield (worn)
 d - a scarf of repulsion (worn)
 n - +0 steam dragon scales (worn)
 q - a +0 helmet (worn)
 t - a +0 pair of gloves (worn)
Jewellery
 g - a ring of resist corrosion
 i - the amulet of the Louse (around neck) {Acrobat rPois rN++ Str-2}
   (You acquired it on level 5 of the Dungeon)

   [amulet of the acrobat]

   It increases your evasion while moving and waiting.
   It affects your strength (-2).
   It protects you from poison.
   It greatly protects you from negative energy.
 k - a +4 ring of evasion (right hand)
 l - a ring of see invisible (left hand)
 v - a ring of protection from cold
Wands
 u - a wand of mindburst (6)
 w - a wand of acid (7)
 x - a wand of iceblast (9)
Scrolls
 f - a scroll of enchant armour
 j - a scroll of enchant weapon
 r - a scroll of identify
 s - a scroll of brand weapon {unknown}
 T - a scroll of teleportation
 U - a scroll of fear
 X - a scroll of fog
 Y - a scroll of blinking {!r}
Potions
 e - a potion of heal wounds {unknown}
 h - a potion of berserk rage {unknown}
 m - a potion of attraction {unknown}
 o - a potion of mutation {unknown}
 D - 2 potions of brilliance
 F - 5 potions of curing
 G - 4 potions of flight
 H - a potion of haste
 N - a potion of might


   Skills:
 + Level 6.1 Fighting
 * Level 8.0 Short Blades
 + Level 5.5 Armour
 + Level 6.0 Dodging
 * Level 10.8 Stealth
 + Level 6.0 Shields
 * Level 5.4 Invocations


You had 10 spell levels left.
You didn't know any spells.
Your spell library contained the following spells:

 Spells                   Type           Power      Damage    Failure   Level
 Animate Skeleton         Necr           0%         N/A       80%         1
 Foxfire                  Conj/Fire      0%         2x1d4     80%         1
 Pain                     Necr           0%         1d4       80%         1
 Sublimation of Blood     Necr           0%         N/A       91%         2
 Confusing Touch          Hex            0%         N/A       99%         3
 Conjure Flame            Conj/Fire      0%         6-21      99%         3
 Gell's Gravitas          Tloc           0%         N/A       99%         3
 Ignite Poison            Fire/Tmut/Pois 0%         N/A       99%         3
 Inner Flame              Hex/Fire       0%         N/A       99%         3
 Vampiric Draining        Necr           0%         2d6       99%         3
 Animate Dead             Necr           0%         N/A       100%        4
 Petrify                  Tmut/Erth      0%         N/A       100%        4
 Sticky Flame             Conj/Fire      0%         2d3       100%        4
 Agony                    Necr           0%         N/A       100%        5
 Alistair's Intoxication  Tmut/Pois      0%         N/A       100%        5
 Fireball                 Conj/Fire      0%         3d3       100%        5
 Irradiate                Conj/Tmut      0%         3d13      100%        5
 Metabolic Englaciation   Hex/Ice        0%         N/A       100%        5
 Yara's Violent Unravell  Hex/Tmut       0%         3d3       100%        5
 Eringya's Noxious Bog    Tmut/Pois      0%         N/A       100%        6


Dungeon Overview and Level Annotations

Branches:
Dungeon (10/15)            Temple (1/1) D:7            Lair (0/6) D:8
    Orc: D:9-12

Altars:
Ashenzari
Cheibriados
Dithmenos
Elyvilon
Fedhas
Gozag
Hepliaklqana
Kikubaaqudgha
Makhleb
Nemelex Xobeh
Okawaru
Qazlal
Ru
Sif Muna
Trog
Uskayaw
Vehumet
Wu Jian
Xom
Yredelemnul
Zin
The Shining One
Lugonu

Shops:
D:8 :([*(   D:9 [

Portals:
Abyss: D:6

Annotations:
D:7 3 runed translucent doors
D:8 2 transporters, Truthflux's ghost, novice MiFi
D:9 3 runed translucent doors, 1player's ghost, novice TeSu
D:10 1 runed translucent door


Innate Abilities, Weirdness & Mutations

You have razor-sharp teeth.
Your natural rate of healing is unusually fast.
When hurt, damage is shared between your health and your magic reserves.
Your bite disrupts and absorbs the magic of your enemies.
Potions cannot restore your health.


Message History

A ynoxinul comes into view.
You barely miss the large abomination.
The Executioner gives a hideous shriek!
Your bite misses the large abomination.
The large abomination is lightly damaged.
You hear a shout!
The large abomination is no longer sharing its pain.
The thrashing horror tramples you!
* * * LOW HITPOINT WARNING * * *
You stumble backwards!
The thrashing horror completely misses you.
The thrashing horror closely misses you.
Unknown command.
You hit the large abomination but do no damage.
Your bite misses the large abomination.
The large abomination is lightly damaged.
You block the thrashing horror's attack.
The thrashing horror completely misses you.
The Executioner gestures.
The Executioner seems to speed up.
The large abomination hits you!
* * * LOW HITPOINT WARNING * * *
As you read the scroll of teleportation, it crumbles to dust.
You feel strangely unstable.
You feel the power of the Abyss delaying your translocation!
You block the thrashing horror's attack.
The thrashing horror tramples you but does no damage.
The ynoxinul gestures.
The Executioner hits you!!
* * * LOW HITPOINT WARNING * * *
The Executioner closely misses you. The Executioner hits you.
* * * LOW HITPOINT WARNING * * *
You block the large abomination's attack.
A small abomination comes into view.
The Executioner completely misses you. The Executioner hits you.
* * * LOW HITPOINT WARNING * * *
The Executioner hits you.
* * * LOW HITPOINT WARNING * * *
The Executioner misses you. The Executioner barely misses you.
The Executioner hits you.
You die...

. ..# # ... #.
... ..#. ....
#. . ......#X
... . #.#.
..#...#...
#.#..# ...
#.... #. .#
#.##.#.### ##..
####.#.#.##.#.#
.
#.x.......#...
.. ....
##X@##.#..#..#
.#.
#.1##.....#...
##55...#. ###
#X.#...#.. ..
#.#3#.#.## ....
##. . ##
#.#.##. . .# ..
..# .. # .#..#
## # .


You could see an Executioner (fast), a thrashing horror, a large abomination, a
ynoxinul, a small abomination (wandering) and 2 ufetubi.

Vanquished Creatures
  Snorg (D:10)
  Erica (D:9)
  A thrashing horror (Abyss:3)
  A manticore (D:7)
  2 smoke demons (Abyss:3)
  A gargoyle (D:9)
  2 large abominations (Abyss:3)
  Prince Ribbit (D:5)
  3 trolls
  A hornet (D:9)
  Grinder (D:3)
  3 wraiths
  8 yaks
  A steam dragon (D:8)
  2 water moccasins
  2 orc warriors
  A black bear (D:7)
  A hornet zombie (D:9)
  2 sky beasts
  5 necrophages
  3 centaurs
  3 ogres
  2 phantoms
  4 kobold brigands
  3 bullfrogs
  3 scorpions
  2 gnoll sergeants
  A water moccasin zombie (D:5)
  4 howler monkeys
  4 centaur zombies
  4 hounds
  2 jellies
  6 orc priests
  A bullfrog zombie (D:5)
  A centaur skeleton (D:6)
  A gnoll shaman (D:6)
  A bullfrog skeleton (D:5)
  An iron imp (Abyss:3)
  4 iguanas
  11 orc wizards
  A killer bee zombie (D:8)
  A hound zombie (D:5)
  A hound skeleton (D:5)
  A howler monkey zombie (D:6)
  7 gnolls
  7 adders
  A howler monkey skeleton (D:7)
  A shadow imp (D:7)
  A white imp (D:7)
  An ufetubus (D:5)
  2 worms (D:3)
  26 orcs
  7 endoplasms
  4 giant cockroaches
  5 goblins
  5 hobgoblins
  5 jackals
  3 quokkas
  4 ball pythons
  8 bats
  5 frilled lizards
  13 kobolds
  5 rats
215 creatures vanquished.

Notes
Turn   | Place    | Note
-------+----------+-------------------------------------------
     0 | D:1      | wakim the Vine Stalker Fighter began the quest for the Orb.
     0 | D:1      | Reached XP level 1. HP: 11/11 MP: 2/2
   403 | D:1      | Reached XP level 2. HP: 16/16 MP: 3/3
   418 | D:1      | Reached skill level 1 in Stealth
  1196 | D:2      | Reached XP level 3. HP: 19/19 MP: 4/4
  1639 | D:2      | Found a faded altar of an unknown god.
  1894 | D:3      | Reached skill level 2 in Stealth
  2368 | D:3      | Gained mutation: Your natural rate of healing is unusually
                  | fast. [Vine Stalker growth]
  2368 | D:3      | Reached XP level 4. HP: 23/23 MP: 5/5
  2384 | D:3      | Found a basalt altar of Yredelemnul.
  2433 | D:3      | Noticed Grinder
  2447 | D:3      | Paralysed by Grinder for 6 turns
  2830 | D:3      | Reached skill level 1 in Dodging
  3271 | D:4      | Noticed a scorpion
  3281 | D:4      | Killed a scorpion
  3282 | D:4      | Reached XP level 5. HP: 28/28 MP: 6/6
  3305 | D:4      | Reached skill level 3 in Stealth
  3969 | D:4      | Reached XP level 6. HP: 27/32 MP: 4/7
  4204 | D:5      | Entered Level 5 of the Dungeon
  4291 | D:5      | Reached skill level 4 in Stealth
  4320 | D:5      | Noticed Prince Ribbit
  4510 | D:4      | Reached XP level 7. HP: 16/36 MP: 5/8
  4644 | D:5      | Identified a scroll of acquirement
  4644 | D:5      | Acquired the amulet of the Louse {Acrobat rPois rN++ Str-2}
  4919 | D:5      | Reached skill level 5 in Stealth
  4948 | D:5      | Gained mutation: You have razor-sharp teeth. [Vine Stalker
                  | growth]
  4948 | D:5      | Reached XP level 8. HP: 41/42 MP: 9/9
  5209 | D:5      | Reached skill level 6 in Stealth
  5637 | D:6      | Reached skill level 5 in Short Blades
  5751 | D:6      | Reached XP level 9. HP: 46/46 MP: 10/10
  5773 | D:6      | Reached skill level 7 in Stealth
  5873 | D:6      | Found a one-way gate to the infinite horrors of the Abyss.
  6074 | D:6      | Found a large runed translucent door.
  6074 | D:6      | Found a large runed translucent door.
  6079 | D:6      | Found a corrupted altar of Lugonu.
  6182 | D:6      | Found a burning altar of Makhleb.
  6315 | D:7      | Found a staircase to the Ecumenical Temple.
  6330 | Temple   | Entered the Ecumenical Temple
  7053 | D:7      | Found a runed translucent door.
  7056 | D:7      | Found a runed translucent door.
  7056 | D:7      | Noticed a troll
  7056 | D:7      | Noticed a manticore
  7092 | D:7      | Reached skill level 8 in Stealth
  7159 | D:7      | Reached skill level 5 in Dodging
  7174 | D:7      | Found a runed translucent door.
  7175 | D:7      | Noticed a centaur warrior
  7175 | D:7      | Noticed a hornet
  7175 | D:7      | Noticed a boulder beetle
  7176 | D:7      | Found a runed translucent door.
  7176 | D:7      | Found a runed translucent door.
  7176 | D:7      | Noticed a two-headed ogre
  7176 | D:7      | Noticed a two-headed ogre
  7260 | D:7      | Found an opulent altar of Gozag.
  7260 | D:7      | Found a faded altar of an unknown god.
  7268 | D:7      | Found a hide-covered altar of Uskayaw.
  7270 | D:7      | Found a faded altar of an unknown god.
  7271 | D:7      | Found a blossoming altar of Fedhas.
  7274 | D:7      | Became a worshipper of Uskayaw the Reveller
  7383 | D:8      | Found Gaereakk's Armour Shop.
  7417 | D:8      | Found Ypamnaw's Antique Weapon Emporium.
  7425 | D:8      | Bought a slimy dagger for 217 gold pieces
  7425 | D:8      | Identified the +3 dagger "Killer Klown's Death" {vorpal,
                  | rF++ Str-4} (You bought it in a shop on level 8 of the
                  | Dungeon)
  7485 | D:8      | Reached * piety under Uskayaw
  7498 | D:8      | Found Egefebel's Assorted Antiques.
  7515 | D:8      | Reached ** piety under Uskayaw
  7528 | D:8      | Found a staircase to the Lair.
  7535 | D:8      | Reached *** piety under Uskayaw
  7540 | D:8      | Reached **** piety under Uskayaw
  7543 | D:8      | Reached skill level 5 in Fighting
  7543 | D:8      | Reached skill level 1 in Invocations
  7543 | D:8      | Reached XP level 10. HP: 44/51 MP: 10/12
  7553 | D:8      | Reached skill level 5 in Shields
  7553 | D:8      | Reached ***** piety under Uskayaw
  7847 | D:8      | Found Fik Lown's Weapon Boutique.
  7874 | D:8      | Found a snail-covered altar of Cheibriados.
  8247 | D:8      | Found a transporter.
  8248 | D:8      | Noticed Truthflux's ghost (novice MiFi)
  8253 | D:8      | Found a transporter.
  8257 | D:8      | Noticed a two-headed ogre
  8362 | D:8      | Found Karaas's Book Shop.
  8438 | D:9      | Reached skill level 9 in Stealth
  8455 | D:9      | Noticed a gargoyle
  8458 | D:9      | Found a faded altar of an unknown god.
  8460 | D:9      | Found a hazy altar of Hepliaklqana.
  8462 | D:9      | Killed a gargoyle
  9140 | D:9      | Found a runed translucent gate.
  9140 | D:9      | Found a runed translucent gate.
  9140 | D:9      | Found a runed translucent gate.
  9141 | D:9      | Noticed a nine-headed hydra
  9141 | D:9      | Noticed 1player's ghost (novice TeSu)
  9220 | D:9      | Noticed Erica
  9233 | D:9      | Killed Erica
  9234 | D:9      | Reached skill level 5 in Armour
  9375 | D:9      | Found Rulou's Armour Boutique.
  9476 | D:8      | Bought a runed rapier for 161 gold pieces
  9821 | D:3      | Killed Grinder
  9822 | D:3      | Reached XP level 11. HP: 56/56 MP: 13/15
 10311 | D:5      | Killed Prince Ribbit
 10570 | D:7      | Reached skill level 10 in Stealth
 10572 | D:7      | Killed a manticore
 10872 | D:10     | Entered Level 10 of the Dungeon
 11444 | D:10     | Found a runed translucent door.
 11611 | D:10     | Noticed Snorg
 11634 | D:10     | Killed Snorg
 11635 | D:10     | Reached skill level 5 in Invocations
 12078 | D:10     | Noticed a wizard
 12086 | D:10     | Cast into level 3 of the Abyss (a wizard)
 12139 | Abyss:3  | Noticed a bone dragon
 12161 | Abyss:3  | Noticed a large abomination
 12164 | Abyss:3  | Noticed a blizzard demon
 12284 | Abyss:3  | Noticed a thrashing horror
 12286 | Abyss:3  | Noticed a wizard
 12305 | Abyss:3  | Noticed a thrashing horror
 12317 | Abyss:3  | Killed a thrashing horror
 12321 | Abyss:3  | Noticed an Executioner
 12325 | Abyss:3  | HP: 2/56 [Executioner (3)]
 12325 | Abyss:3  | Slain by an Executioner

Illustrated notes

Levels and vault maps discovered:
D:1:      tarquinn_simple_flora_water_a, layout_rooms
D:2:      layout_rooms, shapermc_ecumenical_altar_mp_vishouse,
          minmay_octomino_e4
D:3:      kennysheep_big_flooded_room, layout_rooms,
          nicolae_overflow_crystal_walls, serial_co_window_serial,
          co_window_cross_1, co_window_paths_a, co_window_corner_a,
          co_window_corner_a, co_window_corner_a, co_window_broadway_c,
          co_window_corner_ca, co_window_broadway_c, co_window_of_opportunity_b,
          co_window_4corner_b, glass_columns_b, glass_columns_a,
          glass_columns_a, glass_columns_a, glass_columns_a,
          corexii_hall_statues_i, uniq_grinder
D:4:      layout_loops_corners
D:5:      minmay_octagon_keep, layout_basic, nrook_campfire, minivault_4,
          grunt_decor_resistance, uniq_prince_ribbit1
D:6:      due_chaos_kobolds, layout_cave_pools, kennysheep_little_box
D:7:      minmay_the_grid_triangle_9x9_rhombus_full
          [minmay_the_grid_triangle_9x9_tough_junction,
          minmay_the_grid_triangle_9x9_fully_insulated_deathbox,
          minmay_the_grid_triangle_9x9_pentomino_pain,
          minmay_the_grid_triangle_9x9_cache,
          minmay_the_grid_triangle_9x9_wacky_v,
          minmay_the_grid_triangle_9x9_corrupted_corridor,
          minmay_the_grid_triangle_9x9_empty,
          minmay_the_grid_triangle_9x9_prize_insulated], layout_cave_pools,
          chequers_temple_overflow_minitemple, minmay_temple_entry_offerings
D:8:      layout_basic, lemuel_round_altar, lair_entry_dummy,
          gammafunk_ghost_smash, serial_shops, shop, shop, shop,
          nicolae_shop_statue_plus, nicolae_shop_behind_doors
D:9:      layout_roguey, beargit_hepliaklqana_dungeon_heroes, serial_shops,
          nicolae_shop_behind_doors, gammafunk_ghost_hydra_chop,
          roderic_lattice_a, hangedman_abyss_or_decor_lesser_grid,
          nicolae_underground_beach, uniq_erica
D:10:     gammafunk_indiana_jones, layout_basic, minmay_crystal_room,
          lightli_wizard_tower, uniq_snorg, uniq_maggie
Temple:   regret_index_temple_generic_petals
Abyss:3:  base: D:1, minivault_23, minivault_26,
          grunt_abyss_rune_forest_and_sorcery, hangedman_abyss_exit_choices,
          nicolae_abyss_rune_star_stuff, hangedman_abyss_exit_choices,
          evilmike_nicolae_abyss_rune_betentacled_crabyss,
          guppyfry_abyss_exit_glass_guarded, minivault_24,
          lemuel_flamethrower_2, abyss_greek_temple, minivault_13

Skill      XL: |  1  2  3  4  5  6  7  8  9 10 11 |
---------------+----------------------------------+-----
Short Blades   | 2 3 4 5 6 7 8 |  8.0
Stealth        | 1 2 3 4 5 6 8 9 10 | 10.8
Dodging        | 1 2 3 4 5 6 |  6.0
Fighting       | 3 4 5 6 |  6.1
Shields        | 3 4 5 6 |  6.0
Armour         | 3 4 5 |  5.5
Invocations    | 1 4 5 |  5.4

Action                   |  1- 3 |  4- 6 |  7- 9 | 10-12 || total
-------------------------+-------+-------+-------+-------++-------
Melee: Rapier            |   118 |   127 |   314 |   253 ||   812
       Bite              |    32 |    32 |   133 |   102 ||   299
       Dagger            |       |       |    41 |    45 ||    86
Invok: Line Pass         |       |       |     1 |       ||     1
  Use: Scroll            |    10 |     3 |     3 |     4 ||    20
 Stab: Sleeping          |       |       |     3 |    10 ||    13
       Paralysed         |       |       |     1 |    12 ||    13
       Confused          |       |       |     1 |       ||     1
       Distracted        |       |       |       |     1 ||     1
Armor: Scale mail        |    44 |    32 |    71 |    10 ||   157
       Steam dragon scal |       |       |       |    22 ||    22
Dodge: Dodged            |    45 |    31 |   179 |   173 ||   428
       Repelled          |       |       |       |     3 ||     3
Block: Kite shield       |    49 |    78 |   211 |   142 ||   480

Table legend: (Time is in decaauts)
 A = Elapsed time spent in this place.
 B = Non-inter-level travel time spent in this place.
 C = Inter-level travel time spent in this place.
 D = Time resting spent in this place.
 E = Time spent auto-exploring this place.
 F = Levels seen in this place.
 G = Mean time per level.
                   A        B        C        D        E       F      G
               +--------+--------+--------+--------+--------+-----+--------+
         Total |  12514 |  10893 |   1621 |    360 |   7913 |  12 | 1042.8 |
       Dungeon |  12030 |  10438 |   1592 |    360 |   7660 |  10 | 1203.0 |
        Temple |    245 |    216 |     29 |      0 |    202 |   1 |  245.0 |
         Abyss |    238 |    238 |      0 |      0 |     51 |   1 |  238.0 |
               +--------+--------+--------+--------+--------+-----+--------+

Top non-repeatable levels by time:
     D:4: 1475 daAuts
     D:3: 1456 daAuts
     D:5: 1416 daAuts
    D:10: 1214 daAuts
     D:9: 1194 daAuts
     D:8: 1141 daAuts
     D:7: 1130 daAuts
     D:2: 1025 daAuts
     D:6: 1011 daAuts
     D:1: 964 daAuts
  Temple: 245 daAuts
 Abyss:3: 238 daAuts
